 Dungeon Crawl Stone Soup version 0.25.0-15-gac7dcb8919 (webtiles) character file.

Game seed: 18051383337021482639

33 KleinerIrrer the Firebug (level 3, 0/24 HPs)
             Began as a Demonspawn Fire Elementalist on June 28, 2020.
             Killed by nerve-wracking pain
             ... invoked by an orc priest
              (13 damage)
             ... on level 2 of the Dungeon.
             The game lasted 00:03:14 (1231 turns).

KleinerIrrer the Firebug (DsFE)                     Turns: 1231, Time: 00:03:15

Health: 0/24       AC:  2    Str:  8    XL:     3   Next: 12%
Magic:  2/6        EV: 12    Int: 17    God:
Gold:   93         SH:  0    Dex: 13    Spells: 5/6 levels left

rFire    . . .     SeeInvis .   f - +0 dagger (flame)
rCold    . . .     Gourm    .   (no shield)
rNeg     . . .     Faith    .   a - +0 robe
rPois    .         Spirit   .   (no helmet)
rElec    .         Reflect  .   (no cloak)
rCorr    .         Harm     .   (no gloves)
MR       .....                  (no boots)
Stlth    ++........             (no amulet)
HPRegen  0.08/turn              (no ring)
MPRegen  0.10/turn              (no ring)

@: no status effects
A: hooves 1
a: no special abilities


You were on level 2 of the Dungeon.
You were hungry.

You visited 1 branch of the dungeon, and saw 2 of its levels.

You collected 93 gold pieces.

Inventory:

Hand Weapons
 f - a +0 dagger of flaming (weapon)
Missiles
 g - 23 stones
 i - 15 poisoned darts (quivered)
Armour
 a - a +0 robe (worn)
Scrolls
 h - 4 scrolls of teleportation {unknown}
 j - 2 scrolls of remove curse {unknown}
 l - a scroll of random uselessness {unknown}
Potions
 b - 3 potions of degeneration {unknown}
 d - a potion of flight {unknown}
 e - 3 potions of heal wounds
 k - a potion of ambrosia {unknown}
Comestibles
 c - 3 rations


   Skills:
 + Level 2.0 Dodging
 - Level 1.7 Stealth
 + Level 2.3 Spellcasting
 + Level 1.2 Conjurations
 + Level 3.4 Fire Magic


You had 5 spell levels left.
You knew the following spells:

 Your Spells              Type           Power        Failure   Level  Hunger
a - Foxfire               Conj/Fire      ##..         7%          1    #......

Your spell library contained the following spells:

 Spells                   Type           Power        Failure   Level  Hunger
 Conjure Flame            Conj/Fire      ##......     22%         3    ###....
 Inner Flame              Hex/Fire       #.......     28%         3    ###....
 Sticky Flame             Conj/Fire      ##......     56%         4    #####..
 Fireball                 Conj/Fire      ##........   89%         5    ######.


Dungeon Overview and Level Annotations

Branches:
Dungeon (2/15)

Altars:


Innate Abilities, Weirdness & Mutations

You have large cloven feet.


Message History

The orc priest calls down the wrath of Beogh upon you.
Beogh smites you!
The foxfire hits the orc priest but does no damage.
The orc priest casts a cantrip, but nothing happens.
The foxfire hits the orc priest but does no damage.
Things that are here:
a +0 hand axe; a +0 leather armour; 3 gold pieces
Casting: Foxfire (safe; 7% risk of failure)
Confirm with . or Enter, or press ? or * to list all spells.
You conjure some foxfire!
The foxfire hits the orc priest but does no damage.
Your foxfire hits something.
Your foxfire barely misses something.
The orc priest hits you.
The foxfire hits the orc priest.
The orc priest is lightly wounded.
You barely miss the orc priest.
The orc priest looks encouraged for a moment.
The orc priest mumbles some strange prayers to Beogh against you.
Pain shoots through your body!
Ouch! That really hurt!
You die...

.... #########
...####.####
...##......## ##
.#####..........#...
........#.......#..
###
.......<..........
#.. .
........#.......#
#.#
#...#####..#.o.#...#
#.#
#.....).o..#..@....#
#.#
#...######o.§§)....#
#.# . ####§#########
#.# #.#.. .>#
#####.. #.#.# #.#
#.....# #.#.#####.#
#.###.#
#......##.###.#....
###.##..........#.#
#.......###.###.#


You could see 2 orc priests.

Vanquished Creatures
  A leopard gecko (D:1)
  An orc (D:2)
  A ball python (D:1)
  2 giant cockroaches (D:1)
  2 goblins (D:1)
  4 hobgoblins
  3 jackals (D:1)
  4 kobolds (D:1)
  4 bats
  2 frilled lizards (D:1)
  5 rats
29 creatures vanquished.

Vanquished Creatures (others)
  77 foxfires
77 creatures vanquished.

Grand Total: 106 creatures vanquished

Notes
Turn   | Place    | Note
-------+----------+-------------------------------------------
     0 | D:1      | KleinerIrrer the Demonspawn Fire Elementalist began the
                  | quest for the Orb.
     0 | D:1      | Reached XP level 1. HP: 13/13 MP: 3/3
   108 | D:1      | Reached skill level 3 in Fire Magic
   259 | D:1      | Gained mutation: You have large cloven feet. [demonic
                  | ancestry]
   259 | D:1      | Reached XP level 2. HP: 19/19 MP: 3/5
  1109 | D:2      | Reached XP level 3. HP: 24/24 MP: 3/6
  1231 | D:2      | Killed from afar by an orc priest

Illustrated notes

Levels and vault maps discovered:
D:1:      psy_arrival_heroes, layout_rooms
D:2:      cheibrodos_pilgrimage, layout_loops_cross

Skill      XL: |  1  2 |
---------------+-------+-----
Fire Magic     | 3 |  3.4
Dodging        | 2 |  2.0
Stealth        | |  1.7
Spellcasting   | |  2.3
Conjurations   | |  1.2

Action                   || total
-------------------------++-------
Melee: Short sword       ||     3
       Dagger            ||     4
 Cast: Foxfire           ||    53
  Use: Potion            ||     1
  Eat: Chunk             ||     1
Armor: Robe              ||    10
Dodge: Dodged            ||    30
